 Dungeon Crawl Stone Soup version 0.25.1-8-g42b30a86e7 (webtiles) character file.

Game seed: 18188188711223451566

675 Destapler the Magician (level 7, -4/90 HPs)
             Began as a Naga Wizard on Dec 19, 2020.
             Was an Initiate of Cheibriados.
             Killed from afar by an orc wizard (7 damage)
             ... with a magic dart
             ... on level 4 of the Dungeon.
             The game lasted 00:28:34 (5267 turns).

Destapler the Magician (Naga Wizard)                Turns: 5267, Time: 00:28:36

Health: -4/90      AC:  4    Str: 10    XL:     7   Next: 59%
Magic:  6/12       EV:  9    Int: 22    God:    Cheibriados [......]
Gold:   264        SH:  3    Dex: 10    Spells: 5/13 levels left

rFire    . . .     SeeInvis +   a - +3 dagger (venom)
rCold    . . .     Gourm    .   f - +0 buckler
rNeg     . . .     Faith    .   r - +0 robe
rPois    +         Spirit   .   b - +0 hat
rElec    .         Reflect  .   e - +0 cloak
rCorr    .         Harm     .   (no gloves)
MR       .....     Clarity  +   (no barding)
Stlth    ..........             n - amulet of the acrobat
HPRegen  0.25/turn              h - ring of wizardry
MPRegen  0.13/turn              (no ring)

@: mighty, berserking (expiring), very slow
A: large, see invisible, clarity, deformed body, poison resistance, slowness 2,
slow metabolism 1, spit poison 2, AC +2
a: Breathe Poison Gas, Bend Time, Renounce Religion


You were on level 4 of the Dungeon.
You worshipped Cheibriados.
Cheibriados was noncommittal.
You were very hungry.

You visited 2 branches of the dungeon, and saw 6 of its levels.

You collected 264 gold pieces.

Inventory:

Hand Weapons
 a - a +3 dagger of venom (weapon)
Missiles
 i - 22 poisoned darts (quivered)
 t - a throwing net
Armour
 b - a +0 hat (worn)
 e - a +0 cloak (worn)
 f - a +0 buckler (worn)
 r - a +0 robe (worn)
Jewellery
 h - a ring of wizardry (left hand)
 n - an amulet of the acrobat (around neck)
Scrolls
 j - 3 scrolls of amnesia
 m - 7 scrolls of identify {unknown}
 s - a scroll of enchant weapon {unknown}
 x - 2 scrolls of remove curse {unknown}
Potions
 c - a potion of mutation
Comestibles
 d - 9 rations


   Skills:
 + Level 2.0 Fighting
 + Level 2.3 Short Blades
 + Level 1.7 Throwing
 + Level 1.4 Armour
 - Level 2.0 Dodging
 + Level 3.0 Stealth
 * Level 0.3 Shields
 + Level 3.9 Spellcasting
 - Level 3.6 Conjurations
 + Level 1.0 Summonings
 + Level 2.5 Translocations
 + Level 1.7 Air Magic
 + Level 3.0 Poison Magic
 + Level 0.0 Invocations


You had 5 spell levels left.
You knew the following spells:

 Your Spells              Type           Power        Failure   Level  Hunger
a - Magic Dart            Conj           ###.         1%          1    None
b - Mephitic Cloud        Conj/Pois/Air  ###.....     6%          3    ###....
i - Call Imp              Summ           #.......     7%          2    #......
B - Blink                 Tloc           N/A          3%          2    #......

Your spell library contained the following spells:

 Spells                   Type           Power        Failure   Level  Hunger
 Conjure Flame            Conj/Fire      ##......     10%         3    ###....
 Slow                     Hex            #.......     11%         2    #......


Dungeon Overview and Level Annotations

Branches:
Dungeon (5/15)             Temple (1/1) D:4

Altars:
Cheibriados
Dithmenos
Elyvilon
Fedhas
Hepliaklqana
Kikubaaqudgha
Makhleb
Nemelex Xobeh
Ru
Sif Muna
Uskayaw
Yredelemnul
Zin
The Shining One

Annotations:
D:4 exclusion: downstairs


Innate Abilities, Weirdness & Mutations

You cannot wear boots.
Your serpentine skin is tough. (AC +2)
You have supernaturally acute eyesight. (SInv)
Armour fits poorly on your strangely shaped body.
Your system is resistant to poisons. (rPois)
You cover ground very slowly.
You have a slow metabolism.
You can exhale a cloud of poison.
You possess an exceptional clarity of mind.


Message History

The worker ant bites you.
* * * LOW HITPOINT WARNING * * *
Your crimson imp barely misses the orc.
The orc closely misses you. The orc wizard barely misses you.
The worker ant barely misses you.
You hit the worker ant.
The worker ant is poisoned.
The worker ant is moderately wounded.
Your crimson imp disappears in a puff of smoke!
The orc closely misses you. The worker ant bites you.
* * * LOW HITPOINT WARNING * * *
The orc wizard points at you and mumbles some strange words.
The puff of flame hits you!
* * * LOW HITPOINT WARNING * * *
You puncture the worker ant!
You kill the worker ant!
Cheibriados thoroughly appreciates the change of pace.
Your Poison Magic skill increases to level 3!
You block the orc's attack.
The orc wizard points at you and mumbles some strange words.
The magic dart hits you!
You die...

......#......## ##.........).#
>.#.#.........## #.......[....##
..#.#.##.......# #.............#
#..............## #..............
#.##.#.....)....# ##............#
.....#..........## #............#
.##....#.....)...# #............#
....##.#.........# ##...........#
...............o@## #...........#
.###............oo# #.).........#
.............>....###..........)#
#####............o##............#
##............§..###.........#
###...............## #...†....##
##...##............# ##.......#
#..###############.# ##.....##
..## #§## #######


You could see 2 orc wizards and 2 orcs.

Vanquished Creatures
  A phantom (D:4)
  A scorpion (D:4)
  A howler monkey (D:3)
  A crimson imp (D:3)
  2 orc priests (D:4)
  Crazy Yiuf (D:3)
  An iguana (D:4)
  A worker ant (D:4)
  Robin (D:3)
  2 gnolls (D:4)
  6 adders
  An ooze (D:4)
  An adder skeleton (D:4)
  2 worms (D:2)
  2 dart slugs
  4 leopard geckos
  10 orcs
  3 giant cockroaches
  14 goblins
  10 hobgoblins
  A quokka (D:3)
  2 ball pythons
  7 bats
  4 frilled lizards
  6 kobolds
  9 rats
94 creatures vanquished.

Vanquished Creatures (collateral kills)
  2 ogres (D:4)
  A gnoll (D:4)
  An adder (D:2)
  An orc (D:4)
  2 goblins
  A hobgoblin (D:3)
  A bat (D:2)
9 creatures vanquished.

Vanquished Creatures (others)
  4 fungi (D:3)
4 creatures vanquished.

Grand Total: 107 creatures vanquished

Notes
Turn   | Place    | Note
-------+----------+-------------------------------------------
     0 | D:1      | Destapler the Naga Wizard began the quest for the Orb.
     0 | D:1      | Reached XP level 1. HP: 15/15 MP: 4/4
   359 | D:1      | Reached XP level 2. HP: 22/22 MP: 0/6
   526 | D:1      | Learned a level 2 spell: Blink
   951 | D:1      | Reached XP level 3. HP: 28/28 MP: 4/7
  1109 | D:2      | Learned a level 3 spell: Mephitic Cloud
  1150 | D:2      | Learned a level 2 spell: Call Imp
  1700 | D:3      | Reached XP level 4. HP: 30/37 MP: 5/9
  1812 | D:3      | Reached skill level 1 in Short Blades
  2140 | D:3      | Reached skill level 1 in Fighting
  2140 | D:3      | Reached skill level 1 in Poison Magic
  2140 | D:3      | Reached XP level 5. HP: 14/44 MP: 2/10
  2502 | D:3      | Reached skill level 1 in Throwing
  2605 | D:3      | Noticed Robin
  2613 | D:3      | Killed Robin
  2813 | D:3      | Reached skill level 1 in Air Magic
  2851 | D:3      | Found an ancient bone altar of Kikubaaqudgha.
  2858 | D:3      | Found a glowing golden altar of the Shining One.
  3023 | D:3      | Found a runed translucent door.
  3024 | D:3      | Noticed Crazy Yiuf
  3044 | D:3      | Killed Crazy Yiuf
  3044 | D:3      | Reached XP level 6. HP: 33/51 MP: 0/11
  3292 | D:4      | Noticed a phantom
  3319 | D:4      | Gained mutation: You can exhale a cloud of poison. [potion
                  | of mutation]
  3319 | D:4      | Gained mutation: You possess an exceptional clarity of
                  | mind. [potion of mutation]
  3383 | D:4      | Killed a phantom
  3383 | D:4      | Reached skill level 1 in Armour
  3774 | D:4      | Reached XP level 7. HP: 14/58 MP: 1/12
  4922 | D:4      | Found a staircase to the Ecumenical Temple.
  4931 | Temple   | Entered the Ecumenical Temple
  4990 | Temple   | Became a worshipper of Cheibriados the Contemplative
  5202 | D:5      | Entered Level 5 of the Dungeon
  5266 | D:4      | HP: 3/90 [orc wizard/puff of flame (11)]
  5267 | D:4      | Killed from afar by an orc wizard

Illustrated notes

Levels and vault maps discovered:
D:1:      psy_arrival_conway, layout_basic
D:2:      layout_rooms
D:3:      layout_rooms, grunt_temple_overflow_open, minmay_distorted,
          uniq_robin, uniq_crazy_yiuf_cottage
D:4:      layout_cave_pods, minmay_temple_entry_ruins
D:5:      layout_layer_cave, cheibrodos_sewer_entry_drain, first_ration,
          basic_altar, yredelemnul_altar_generic
Temple:   nicolae_temple_hex_pool

Skill      XL: |  1  2  3  4  5  6  7 |
---------------+----------------------+-----
Conjurations   | 2 3 |  3.6
Short Blades   | 1 2 |  2.3
Fighting       | 1 2 |  2.0
Poison Magic   | 1 2 3 |  3.0
Throwing       | 1 |  1.7
Air Magic      | 1 |  1.7
Dodging        | 2 |  2.0
Translocations | 2 |  2.5
Armour         | 1 |  1.4
Stealth        | |  3.0
Shields        | |  0.3
Spellcasting   | |  3.9
Summonings     | |  1.0

Action                   |  1- 3 |  4- 6 |  7- 9 || total
-------------------------+-------+-------+-------++-------
Melee: Unarmed           |     8 |       |       ||     8
       Dagger            |    24 |   120 |    11 ||   155
Throw: Dart              |       |     8 |       ||     8
 Cast: Magic Dart        |    61 |    89 |    46 ||   196
       Call Imp          |     2 |    13 |    10 ||    25
       Blink             |       |     4 |     6 ||    10
       Mephitic Cloud    |       |     2 |       ||     2
 Abil: Spit Poison       |       |     3 |       ||     3
       Breathe Poison Ga |       |       |     1 ||     1
  Use: Potion            |       |     6 |     2 ||     8
       Scroll            |       |       |     6 ||     6
 Stab: Sleeping          |     3 |     1 |       ||     4
       Confused          |       |     1 |       ||     1
       Invisible         |       |     1 |       ||     1
  Eat: Chunk             |     1 |     6 |     3 ||    10
Armor: Robe              |     8 |    26 |     8 ||    42
Dodge: Dodged            |    13 |    65 |    12 ||    90
Block: Buckler           |       |       |     4 ||     4
